Map: Odyssey LE

Players

Bung

  • Race: Terran Terran
  • Spawn Location: 5:00

Yata - Winner!

  • Race: Protoss Protoss
  • Spawn Location: 11:00

VOD

Have the link to the VOD?

Description

Time

  • Played on: July 6, 2017, 8:22 p.m.
  • Length: 18:52
Show
View Real Time Build Order
Export as new Build Order

Bung Terran 

Build Orders:  

Get SALT Encoding   

  12  0:08  SCV  
  13  0:20  SCV  
  14  0:32  SCV  
  15  0:47  Supply Depot  
  15  0:59  Supply Depot  
  15  1:09  SCV  
  16  1:45  Barracks  
  16  1:50  SCV  
  17  2:02  SCV  
  18  2:10  Refinery  
  18  2:35  Marine  
  19  2:53  Marine  
  20  3:43  Supply Depot  
  20  3:45  Supply Depot  
  20  3:49  Marine  
  21  4:07  Marine  
  21  4:08  Barracks  
  22  4:13  SCV  
  23  4:25  SCV, Marine  
  25  4:43  Marine  
  26  5:00  Marine  
  27  5:21  Reaper  
  28  5:43  Marine  
  29  5:53  Reaper  
  30  6:01  Marine, SCV  
  32  6:13  SCV  
  33  6:19  Marine  
  33  6:25  Reaper, SCV  
  35  6:27  Refinery  
  36  6:37  Marine  
  36  6:55  Marine  
  36  6:58  Reaper  
  38  7:09  Command Center  
  38  7:27  Marine  
  39  7:30  Reaper  
  40  7:45  Marine  
  41  8:02  Reaper  
  41  8:03  Marine  
  43  8:21  Marine  
  43  8:22  Supply Depot  
  44  8:28  Supply Depot  
  44  8:34  Reaper  
  44  8:39  Marine  
  46  8:56  Marine  
  47  9:06  Reaper, SCV  
  49  9:14  Marine  
  50  9:18  SCV  
  50  9:30  SCV  
  51  9:32  Marine  
  53  9:38  Reaper  
  53  9:42  SCV  
  54  9:50  Marine  
  55  9:54  SCV  
  56  10:06  SCV  
  57  10:08  Marine  
  57  10:09  Supply Depot  
  57  10:10  Reaper  
  57  10:11  Barracks  
  59  10:19  SCV  
  60  10:25  Marine  
  61  10:32  SCV  
  62  10:42  Reaper  
  63  10:43  Marine  
  63  10:44  SCV  
  65  10:56  SCV  
  66  11:01  Marine  
  67  11:09  SCV  
  68  11:13  Barracks Tech Lab  
  68  11:14  Reaper  
  69  11:21  SCV  
  70  11:44  Barracks Tech Lab  
  70  11:46  Reaper  
  71  11:47  Supply Depot  
  71  11:54  Barracks  
  71  11:59  SCV  
  72  12:11  SCV  
  72  12:13  Marauder  
  75  12:19  Reaper  
  76  12:23  SCV  
  77  12:34  Marauder  
  77  12:35  Refinery, SCV  
  80  12:39  Refinery  
  80  12:44  Supply Depot  
  81  12:56  Marauder  
  82  13:07  Barracks Tech Lab  
  82  13:17  Marauder  
  84  13:39  Marauder  
  86  13:46  Marauder  
  88  14:07  Barracks Tech Lab  
  88  14:08  Marauder  
  90  14:29  Marauder  
  92  14:46  Marine  
  92  14:48  Reaper  
  92  14:50  Marauder  
  92  14:52  Marauder  
  98  14:58  Command Center  
  98  15:03  Marine  
  90  15:09  Supply Depot  
  90  15:10  Supply Depot  
  90  15:12  Marauder  
  90  15:14  Marauder  
  91  15:20  Reaper  
  75  15:21  Marine  
  66  15:33  Marauder  
  66  15:35  Marauder  
  62  15:39  Marine  
  63  15:46  Barracks  
  63  15:51  Barracks  
  63  15:53  Reaper  
  63  15:54  Marauder  
  63  15:56  Marauder  
  68  15:57  Marine  
  69  16:15  Marine  
  69  16:16  Marauder  
  69  16:18  Marauder  
  74  16:25  Reaper  
  75  16:30  Supply Depot  
  75  16:32  Marine  
  76  16:57  Reaper  
  77  17:14  Marine  
  78  17:16  Reaper  
  78  17:18  Marauder  
  81  17:29  Reaper  
  82  17:32  Marine  
  75  17:39  Marauder  
  70  17:48  Reaper  
  70  17:49  Marine  
  66  17:56  Reaper  
  43  18:01  Reaper, Marauder  
  43  18:04  Marine  
  42  18:22  Marine  
Show
View Real Time Build Order
Export as new Build Order

Yata Protoss - Winner!

Build Orders:  

Get SALT Encoding   

  12  0:05  Probe (Chrono Boost)  
  13  0:18  Assimilator  
  13  0:23  Assimilator  
  13  0:35  Pylon  
  13  0:40  Pylon  
  13  0:44  Probe (Chrono Boost)  
  14  1:00  Probe (Chrono Boost)  
  15  1:11  Probe (Chrono Boost)  
  16  1:21  Probe (Chrono Boost)  
  17  1:32  Probe (Chrono Boost)  
  18  1:42  Probe (Chrono Boost)  
  19  1:53  Probe (Chrono Boost)  
  20  2:03  Probe (Chrono Boost)  
  21  2:14  Probe (Chrono Boost)  
  22  2:24  Probe (Chrono Boost)  
  23  2:49  Gateway  
  23  2:58  Forge  
  23  3:18  Pylon  
  23  3:37  Protoss Shields Level 1  
  23  3:40  Zealot  
  25  3:54  Cybernetics Core, Probe (Chrono Boost)  
  26  4:07  Zealot  
  28  4:27  Gateway  
  28  4:34  Zealot  
  30  4:40  Twilight Council  
  30  4:49  Stargate  
  30  4:54  Pylon  
  30  5:01  Zealot  
  32  5:17  Sentry  
  34  5:29  Zealot  
  34  5:31  Protoss Ground Weapons Level 1  
  36  5:43  Sentry  
  36  5:44  Oracle  
  41  5:56  Zealot  
  43  6:10  Sentry  
  45  6:23  Zealot  
  47  6:26  Charge  
  47  6:46  Pylon  
  47  6:55  Pylon  
  47  7:04  Zealot, Sentry  
  51  7:09  Oracle  
  54  7:25  Protoss Ground Armor Level 1  
  54  7:31  Zealot, Sentry  
  58  7:57  Adept  
  60  8:06  Resonating Glaives  
  58  8:24  Adept  
  60  8:51  Adept  
  62  9:19  Protoss Ground Weapons Level 2  
  62  9:32  Nexus  
  62  9:46  Blink  
  62  9:51  Warp Gate  
  62  10:09  Probe (Chrono Boost)  
  63  10:26  Pylon  
  63  10:28  Pylon  
  63  10:44  Probe (Chrono Boost)  
  64  10:59  Adept  
  66  11:09  Void Ray  
  70  11:16  Probe (Chrono Boost)  
  71  11:25  Assimilator  
  71  11:26  Adept, Probe (Chrono Boost)  
  74  11:35  Protoss Shields Level 2  
  74  11:37  Assimilator, Probe (Chrono Boost)  
  75  11:45  Protoss Air Weapons Level 1  
  75  11:47  Probe (Chrono Boost)  
  75  11:52  Void Ray  
  75  11:53  Adept  
  82  11:58  Probe (Chrono Boost)  
  83  12:20  Adept  
  85  12:35  Void Ray  
  89  12:37  Zealot  
  91  12:48  Adept  
  93  12:52  Gateway  
  93  13:27  Pylon  
  93  13:34  Nexus  
  93  13:39  Protoss Air Armor Level 1  
  93  13:45  Stalker  
  95  13:52  Pylon  
  95  13:59  Pylon  
  95  14:15  Stalker  
  97  14:25  Assimilator  
  97  14:31  Assimilator  
  97  14:45  Stalker  
  92  15:17  Zealot  
  85  15:35  Oracle  
  86  15:42  Adept  
  88  15:44  Zealot  
  88  15:46  Zealot  
  92  15:58  Mothership Core (Chrono Boost)  
  94  16:10  Oracle  
  97  16:11  Zealot  
  97  16:13  Zealot  
  101  16:38  Zealot  
  103  16:40  Zealot  
  103  16:41  Probe (Chrono Boost)  
  103  16:46  Oracle  
  109  16:52  Probe (Chrono Boost)  
  110  17:02  Probe (Chrono Boost)  
  110  17:05  Zealot  
  110  17:07  Zealot  
  115  17:13  Probe (Chrono Boost)  
  116  17:22  Void Ray  
  120  17:23  Probe (Chrono Boost)  
  121  17:34  Zealot  
  117  18:05  Void Ray  
Tags
 
Matchup
PvT
Replay Pack
Pack 1
Spawn Locations
Cross Positions
Add a new tag
Caveats
  • Supply blocks, unpowered buildings, or Contaminate may cause inaccurate times.
  • Supply counts are checked every 10 seconds.